 Dungeon Crawl Stone Soup version 0.18.1-50-g88ac8fd (webtiles) character file.

323 recordrepeat the Covered (level 6, -1/56 HPs)
             Began as a Hill Orc Fighter on Oct 21, 2016.
             Slain by Duvessa
             ... wielding a +0 short sword
              (7 damage)
             ... on level 4 of the Dungeon.
             The game lasted 00:09:52 (3154 turns).

recordrepeat the Covered (Hill Orc Fighter)         Turns: 3154, Time: 00:09:53

Health: -1/56      AC:  9    Str: 20    XL:     6   Next: 47%
Magic:  6/6        EV:  6    Int:  8    God:
Gold:   160        SH: 11    Dex: 11    Spells: 0 memorised, 5 levels left

rFire  x . .     SeeInvis .     a - +0 war axe
rCold  + . .     Gourm    .     s - +0 chain mail
rNeg   . . .     Faith    .     c - +0 shield
rPois  .         Spirit   .     (no helmet)
rElec  .         Dismiss  .     (no cloak)
rCorr  .         Reflect  +     (no gloves)
SustAt .         Harm     .     (no boots)
MR     .....                    l - +2 amulet of reflection
Stlth  ..........               (no ring)
                                g - ring of ice

@: not resistant to hostile enchantments, extremely unstealthy
A: no striking features
a: no special abilities


You were on level 4 of the Dungeon.
You were not hungry.

You visited 1 branch of the dungeon, and saw 5 of its levels.

You collected 160 gold pieces.

Inventory:

Hand Weapons
 a - a +0 war axe (weapon)
Armour
 b - a +0 scale mail
 c - a +0 shield (worn)
 s - a +0 chain mail (worn)
Jewellery
 g - a ring of ice (left hand)
 l - a +2 amulet of reflection (around neck)
Wands
 q - a wand of flame (24/48)
Scrolls
 e - 3 scrolls of teleportation {unknown}
 h - 6 scrolls of remove curse {unknown}
 j - 2 scrolls of amnesia {unknown}
 o - a scroll of blinking {unknown}
 r - 2 scrolls of fog {unknown}
 t - 3 scrolls of enchant armour {unknown}
Potions
 i - 2 potions of heal wounds {unknown}
 k - a potion of flight {unknown}
 m - a potion of resistance {unknown}
 n - a potion of curing
 p - 2 potions of agility {unknown}
Comestibles
 f - a bread ration


   Skills:
 + Level 5.0 Fighting
 + Level 3.6 Axes
 + Level 5.4 Armour
 + Level 1.2 Dodging
 + Level 0.3 Stealth
 + Level 4.4 Shields


You had 5 spell levels left.
You didn't know any spells.

Dungeon Overview and Level Annotations

Branches:
Dungeon (5/15)
 Temple: D:4-7

Altars:
Ashenzari
Gozag
Qazlal

Annotations:
D:4 Dowan, Duvessa


Message History

You climb upwards.
There is a stone staircase leading down here.
It was a potion of curing.
You feel better. You block Duvessa's attack.
Dowan gestures at you while chanting. The puff of flame hits you!
The fire burns you terribly!
* * * LOW HITPOINT WARNING * * *
You feel better.
Duvessa is no longer moving quickly.
Duvessa hits you but does no damage. You block Duvessa's attack.
Dowan hits you but does no damage.
You hit Dowan but do no damage.
Dowan is almost dead.
You slash Duvessa!
Duvessa is severely wounded.
You block Duvessa's attack.
Dowan casts a spell.
Dowan blinks!
You completely miss Duvessa.
Duvessa is severely wounded.
Duvessa hits you but does no damage. Duvessa hits you with a short sword!
You die...

#########+##
#........(..
#.......$...
#.##...........
#.##.....8..#
#.##.......#
########(##e?..8..#
.........+.@.....+
####.##.#<##....8..#
##.........##.......#
..................8..#
#.#.......#######.....
####.#.......## #####
.....#...........
####.#...........
.................#


You could see Duvessa.

Vanquished Creatures
  Sigmund (D:4)
  An orc wizard (D:3)
  A hound skeleton (D:4)
  3 adders
  An ooze (D:3)
  4 worms
  2 dart slugs (D:2)
  A giant gecko (D:3)
  4 orcs (D:3)
  3 giant cockroaches
  12 goblins
  7 hobgoblins
  6 jackals
  3 quokkas
  5 bats
  5 giant newts
  4 kobolds
  2 rats
65 creatures vanquished.

Vanquished Creatures (others)
  A goblin (D:2)
1 creature vanquished.

Grand Total: 66 creatures vanquished

Notes
Turn   | Place    | Note
--------------------------------------------------------------
     0 | D:1      | recordrepeat the Hill Orc Fighter began the quest for the Orb.
     0 | D:1      | Reached XP level 1. HP: 19/19 MP: 1/1
   129 | D:1      | Reached XP level 2. HP: 20/27 MP: 2/2
   726 | D:2      | Reached XP level 3. HP: 20/33 MP: 3/3
  1514 | D:2      | Reached XP level 4. HP: 39/40 MP: 4/4
  1871 | D:3      | Found a stormy altar of Qazlal.
  2220 | D:3      | Found a shattered altar of Ashenzari.
  2221 | D:3      | Reached XP level 5. HP: 46/46 MP: 5/5
  2819 | D:4      | Found an opulent altar of Gozag.
  2820 | D:4      | Noticed Sigmund
  3085 | D:4      | Killed Sigmund
  3085 | D:4      | Reached skill level 5 in Fighting
  3085 | D:4      | Reached skill level 5 in Armour
  3085 | D:4      | Reached skill level 1 in Dodging
  3085 | D:4      | Reached XP level 6. HP: 56/56 MP: 6/6
  3126 | D:4      | Noticed Dowan
  3127 | D:4      | Noticed Duvessa
  3148 | D:5      | Entered Level 5 of the Dungeon
  3151 | D:4      | HP: 1/56 [Dowan/puff of flame (9)]
  3154 | D:4      | Slain by Duvessa

Skill      XL: |  1  2  3  4  5 |
---------------+----------------+-----
Fighting       | 4 5 |  5.0
Axes           | 3 |  3.6
Armour         | 4 5 |  5.4
Shields        | 4 |  4.4
Dodging        | 1 |  1.2
Stealth        | |  0.3

Action                   |  1- 3 |  4- 6 || total
-------------------------+-------+-------++-------
Melee: War axe           |   132 |   151 ||   283
  Use: Potion            |       |     3 ||     3
  Eat: Chunk             |     2 |     5 ||     7
       Bread ration      |       |     1 ||     1
Armor: Scale mail        |    60 |       ||    60
       Chain mail        |     4 |    69 ||    73
Dodge: Dodged            |    40 |    40 ||    80
Block: Shield            |    94 |    96 ||   190
       Reflection        |     9 |     1 ||    10
